 Dungeon Crawl Stone Soup version 0.30.0-15-g856e2d3f33 (webtiles) character file.

Game seed: 16863280209809817268

61 HakonGodeson the Covered (level 4, 0/35 HPs)
             Began as a Human Fighter on May 18, 2023.
             Killed by nerve-wracking pain
             ... invoked by an orc priest
              (3 damage)
             ... on level 4 of the Dungeon.
             The game lasted 00:02:01 (563 turns).

HakonGodeson the Covered (Human Fighter)             Turns: 563, Time: 00:02:02

Health: 0/35       AC:  6    Str: 16    XL:     4   Next: 27%
Magic:  4/4        EV:  9    Int: 11    God:
Gold:   46         SH:  4    Dex: 12    Spells: 3/3 levels left

rFire   . . .        a - +0 war axe
rCold   . . .        c - +0 buckler
rNeg    . . .        b - +0 scale mail
rPois   .            (no helmet)
rElec   .            (no cloak)
rCorr   .            (no gloves)
SInv    .            (no boots)
Will    .....        (no amulet) Stlth
                     (no ring)
HPRegen 0.25/turn    (no ring)
MPRegen 0.09/turn

%: no passive effects
@: no status effects
A: no striking features
a: no special abilities


You were on level 4 of the Dungeon.
You visited 1 branch of the dungeon, and saw 4 of its levels.

You collected 46 gold pieces.

Inventory:

Hand Weapons
 a - a +0 war axe (weapon)
Armour
 b - a +0 scale mail (worn)
 c - a +0 buckler (worn)
Scrolls
 e - a scroll of identify
Potions
 d - a potion of might


   Skills:
 * Level 3.4 Fighting
 * Level 2.5 Axes
 * Level 3.4 Armour
 * Level 0.6 Dodging
 * Level 0.9 Stealth
 * Level 3.4 Shields


You had 3 spell levels left.
You didn't know any spells.
Your spell library was empty.

Dungeon Overview and Level Annotations

Branches:
Dungeon (4/15)             Temple (0/1) D:4

Altars:


Message History

The orc shouts!
The orc barely misses you.
The orc priest casts a cantrip, but nothing happens.
You hit the orc.
The orc is almost dead.
An orc comes into view. It is wielding a +0 short sword.
The orc shouts!
You hit the orc.
The orc is moderately wounded.
You barely miss the orc priest.
You hear a shout!
You block the orc priest's attack.
You hit the orc.
The orc is severely wounded.
You closely miss the orc priest. You block the orc's attack.
You block the orc priest's attack.
An orc priest comes into view. It is wielding a +0 flail.
The orc priest barely misses you.
You barely miss the orc.
The orc is severely wounded.
You hit the orc priest.
The orc hits you with a +1 heavy hand axe!
The orc priest barely misses you.
You slash the orc!
You kill the orc!
You hit the orc priest.
The orc priest hits you with a +0 flail.
The adder bites you but does no damage.
The orc priest invokes the aid of Beogh against you.
Beogh smites you!
* * * LOW HITPOINT WARNING * * *
Okay, then.
As you read the scroll labelled REEFUGA SIKA, it crumbles to dust.
It is a scroll of identify.
You don't currently have any unidentified items.
The adder bites you.
* * * LOW HITPOINT WARNING * * *
The orc priest calls down the wrath of Beogh upon you.
Pain shoots through your body!
You die...

......<...#
###....(.##
##.#...########
####..........
#.######### #.#
#.# #.# #@#
#.....oS#
.......oo
..#####o.. ...
......#.#


You could see 2 orc priests, an adder and 3 orcs.

Vanquished Creatures
  Natasha (D:2)
  2 adders
  A dart slug (D:2)
  An orc (D:4)
  3 ball pythons
  A bat (D:2)
  A giant cockroach (D:2)
  3 goblins
  A hobgoblin (D:3)
  A frilled lizard (D:3)
  A kobold (D:2)
  2 rats
18 creatures vanquished.

Notes
Turn   | Place    | Note
-------+----------+-------------------------------------------
     0 | D:1      | HakonGodeson the Human Fighter began the quest for the Orb.
     0 | D:1      | Reached XP level 1. HP: 18/18 MP: 1/1
   129 | D:2      | Reached XP level 2. HP: 23/23 MP: 2/2
   270 | D:2      | Reached XP level 3. HP: 29/29 MP: 3/3
   343 | D:2      | Noticed Natasha
   355 | D:2      | Killed Natasha
   439 | D:3      | Reached XP level 4. HP: 26/35 MP: 4/4
   556 | D:4      | Found a staircase to the Ecumenical Temple.
   563 | D:4      | Killed from afar by an orc priest

Illustrated notes

Levels and vault maps discovered:
D:1:      noname_arrival_rooms_in_the_neighbourhood, layout_loops_ring
D:2:      layout_loops_ring, uniq_natasha
D:3:      layout_rooms
D:4:      layout_loops_corners, zin_angel, mainiacjoe_overflow_tiny_flanked,
          minmay_temple_entry_butterflies, minmay_starry_boxes

Action                     |  1- 3 |  4- 6 || total
---------------------------+-------+-------++-------
  Melee: War axe           |    44 |    17 ||    61
    Use: Scroll            |       |     1 ||     1
 Armour: Scale mail        |    27 |     8 ||    35
  Dodge: Dodged            |    24 |     7 ||    31
  Block: Buckler           |    12 |     8 ||    20
